Map: Newkirk Precinct TE (Void)

Players

Trizztein

  • Race: Terran Terran
  • League: Diamond
  • Spawn Location: 5:00

antoine1242 - Winner!

  • Race: Zerg Zerg
  • League: Diamond
  • Spawn Location: 7:00

VOD

Have the link to the VOD?

Description

Time

  • Played on: Dec. 19, 2016, 8:01 p.m.
  • Length: 31:59
Show
View Real Time Build Order
Export as new Build Order

Trizztein Terran 

Build Orders: Reaper Expand, Hellion Banshee, Mech 

Get SALT Encoding   

  12  0:01  SCV  
  13  0:13  SCV  
  14  0:18  Supply Depot  
  14  0:25  SCV  
  15  0:40  SCV  
  15  0:42  Barracks  
  16  0:45  Refinery  
  16  0:52  SCV  
  17  1:04  SCV  
  18  1:16  SCV  
  19  1:31  Orbital Command  
  19  1:32  Reaper  
  20  1:44  Command Center  
  20  1:52  Supply Depot  
  20  1:58  SCV  
  21  2:04  Marine  
  22  2:10  SCV  
  22  2:12  Factory  
  23  2:22  SCV  
  24  2:25  Refinery  
  24  2:28  Barracks Reactor  
  24  2:42  SCV  
  25  2:54  SCV  
  26  3:01  Starport  
  26  3:09  SCV  
  27  3:17  Hellion  
  27  3:18  Hellion, Orbital Command  
  31  3:21  SCV  
  32  3:29  Barracks Tech Lab  
  32  3:31  Supply Depot  
  32  3:33  SCV  
  33  3:39  Hellion x2  
  37  3:45  SCV  
  37  3:46  SCV  
  39  3:53  Banshee  
  39  3:54  Cloaking Field  
  42  3:57  SCV, Supply Depot  
  42  3:58  SCV  
  44  4:03  Hellion  
  44  4:09  Hellion  
  49  4:10  SCV x2  
  50  4:20  Supply Depot  
  50  4:22  SCV  
  50  4:23  SCV, Armory  
  52  4:28  Hellion  
  52  4:30  Hellion  
  56  4:34  SCV  
  56  4:35  SCV  
  58  4:46  Command Center, SCV  
  58  4:48  SCV  
  58  4:50  Banshee  
  63  4:58  SCV  
  64  5:00  Supply Depot, SCV  
  64  5:04  Refinery x2  
  65  5:08  Hellion  
  65  5:10  Hellion, SCV  
  70  5:16  Barracks Tech Lab  
  70  5:21  Factory  
  70  5:22  SCV  
  70  5:25  SCV  
  72  5:40  SCV x2  
  74  5:46  Hellion x7  
  72  5:52  SCV x2  
  72  5:55  Banshee  
  72  5:56  Factory  
  77  5:59  Barracks Tech Lab, Engineering Bay  
  77  6:01  Supply Depot x2  
  77  6:03  Orbital Command  
  77  6:04  SCV x2  
  78  6:16  SCV  
  79  6:23  SCV  
  76  6:28  SCV  
  75  6:36  SCV  
  75  6:38  Siege Tank  
  79  6:40  SCV  
  76  6:48  SCV  
  77  6:55  SCV  
  78  7:02  SCV  
  78  7:07  SCV  
  80  7:08  Refinery, Siege Tank  
  80  7:09  Raven  
  80  7:13  Factory, Supply Depot  
  80  7:14  Refinery, SCV, Orbital Command  
  80  7:15  Supply Depot  
  86  7:16  Factory  
  86  7:19  SCV  
  87  7:25  Command Center  
  87  7:26  SCV  
  87  7:28  Missile Turret  
  87  7:29  Supply Depot  
  88  7:31  SCV  
  88  7:32  Missile Turret x2  
  88  7:36  Supply Depot  
  89  7:38  SCV  
  89  7:43  SCV  
  89  7:44  SCV  
  92  7:46  Cyclone x2, Supply Depot, Siege Tank x2  
  92  7:50  SCV  
  105  7:55  SCV  
  105  7:56  SCV  
  107  7:59  Supply Depot x2  
  107  8:02  SCV  
  108  8:06  Command Center  
  108  8:12  Supply Depot  
  110  8:14  Supply Depot  
  110  8:18  Cyclone  
  110  8:19  SCV x3  
  114  8:23  Factory Reactor, Factory Tech Lab, Siege Tank  
  117  8:31  SCV x3  
  120  8:40  Hellion x2  
  124  8:42  Starport Reactor  
  125  8:50  Siege Tank  
  125  8:55  Cyclone  
  130  8:58  Starport, Fusion Core, Planetary Fortress, Siege Tank  
  130  9:02  SCV x2  
  129  9:11  Missile Turret  
  129  9:12  Cyclone x3  
  129  9:13  Cyclone, Missile Turret  
  129  9:14  Liberator  
  129  9:15  Sensor Tower  
  141  9:17  SCV  
  141  9:22  Siege Tank  
  145  9:26  Missile Turret  
  145  9:29  Missile Turret, Siege Tank  
  145  9:30  Siege Tank  
  151  9:33  Refinery  
  151  9:37  Hellion x4  
  154  9:39  Supply Depot  
  154  9:40  Terran Vehicle Weapons Level 1  
  154  9:43  Refinery  
  154  9:45  Hellion x2  
  158  9:46  Armory  
  158  9:54  Siege Tank  
  158  9:57  Liberator  
  161  10:00  Infernal Pre-Igniter  
  161  10:11  Siege Tank  
  161  10:12  Hellion x3  
  161  10:13  Hellion x2  
  177  10:27  Hellion  
  168  10:37  Hellion x3, Siege Tank  
  175  10:43  Siege Tank  
  175  10:46  Planetary Fortress  
  178  10:50  Hellion  
  178  10:51  Terran Vehicle And Ship Armor Level 1  
  178  10:52  Liberator  
  178  10:53  Supply Depot  
  178  10:56  Siege Tank  
  183  11:07  Starport  
  183  11:08  Viking x2  
  183  11:09  Siege Tank  
  193  11:19  Siege Tank  
  193  11:20  Hellion x2  
  189  11:49  Liberator x2  
  189  11:51  Command Center x2  
  189  11:52  Raven  
  171  12:01  Hellion x2  
  171  12:02  Hellion x2, Siege Tank x2  
  171  12:04  Siege Tank  
  157  12:09  Terran Vehicle Weapons Level 2  
  143  12:17  Liberator  
  141  12:22  Hellion  
  141  12:23  Hellion x2  
  134  12:32  Liberator  
  134  12:34  Siege Tank  
  134  12:36  Hellion x2  
  134  12:37  Hellion  
  147  12:44  Hellion x2  
  152  12:51  Terran Vehicle And Ship Armor Level 2, Hellion  
  152  12:58  Hellion, Siege Tank x2  
  160  13:00  Viking  
  160  13:05  Hellion x2  
  158  13:06  Siege Tank  
  158  13:12  Hellion  
  163  13:13  Liberator  
  163  13:17  Viking  
  165  13:30  Siege Tank x2  
  172  13:38  Siege Tank  
  139  13:56  Liberator  
  139  14:08  Hellion, Siege Tank x2  
  139  14:09  Hellion x3  
  153  14:10  Siege Tank  
  153  14:11  Viking  
  153  14:12  Viking  
  161  14:24  Liberator  
  161  14:26  Planetary Fortress  
  161  14:30  Hellion  
  163  14:33  Hellion x2  
  156  14:40  Siege Tank  
  153  14:47  Siege Tank  
  156  15:00  Hellion, Siege Tank  
  156  15:01  Hellion x2  
  165  15:07  Refinery x2  
  165  15:11  Liberator  
  165  15:12  Siege Tank  
  168  15:21  Missile Turret  
  168  15:23  Siege Tank  
  168  15:24  Missile Turret, Hellion x3  
  168  15:27  Hellion  
  182  15:32  Siege Tank  
  185  15:44  Starport Tech Lab, Hellion  
  185  15:45  Hellion x3  
  185  15:48  Hellion  
  185  15:49  Starport  
  163  16:22  Siege Tank x3  
  163  16:23  Hellion x2  
  135  16:34  Terran Vehicle Weapons Level 3  
  135  16:35  Terran Vehicle And Ship Armor Level 3  
  135  16:42  Hellion  
  135  16:43  Hellion  
  135  16:45  Hellion x2  
  129  16:54  Siege Tank x3  
  131  17:04  Hellion x2  
  131  17:06  Hellion x2  
  114  17:22  Liberator x2  
  114  17:23  Liberator x2  
  114  17:24  Command Center  
  114  17:25  Command Center, Hellion x2  
  114  17:26  Siege Tank  
  114  17:27  Hellion x3  
  129  17:30  Command Center, Hellion  
  141  17:47  Hellion x2  
  141  17:48  Siege Tank x2  
  141  17:49  Hellion  
  155  17:51  Hellion  
  155  17:58  Siege Tank  
  155  18:05  Liberator x3  
  132  18:08  Hellion  
  134  18:18  Hellion x3  
  137  18:20  Hellion x2  
  150  18:29  Hellion  
  150  18:31  Hellion  
  154  18:39  Hellion x3  
  160  18:42  Hellion x2  
  164  18:51  Hellion  
  164  18:52  Hellion  
  148  19:00  Viking, Hellion x2  
  148  19:01  Hellion  
  127  19:03  Hellion x7  
  115  19:27  Siege Tank x3  
  115  19:28  Hellion  
  126  19:33  Hellion  
  128  19:39  Hellion  
  128  19:55  Hellion x2  
  128  19:59  Siege Tank x3  
  137  20:00  Planetary Fortress  
  137  20:05  Hellion  
  133  20:33  Terran Ship Weapons Level 1  
  133  20:34  Medivac  
  133  20:35  Raven  
  135  20:37  Viking x2  
  130  20:45  Hellion  
  130  20:49  Hellion x2, Siege Tank  
  100  21:02  Siege Tank  
  100  21:03  Hellion x2  
  95  21:04  Viking  
  95  21:07  Orbital Command  
  95  21:10  Hellion  
  95  21:11  Hellion  
  98  21:17  Refinery  
  100  21:18  Hellion  
  100  21:22  Hellion  
  100  21:24  Siege Tank  
  105  21:34  Siege Tank  
  108  21:43  Hellion x3, Siege Tank  
  117  21:48  Hellion  
  117  21:50  Refinery  
  117  21:53  Refinery, Planetary Fortress  
  119  21:56  Siege Tank  
  122  22:05  Hellion x3  
  122  22:07  Hellion  
  130  22:09  Hellion  
  130  22:15  Hellion  
  124  22:26  Hellion x3  
  124  22:28  Siege Tank  
  124  22:29  Hellion  
  135  22:31  Hellion  
  135  22:32  Missile Turret  
  131  22:49  Thor x2  
  141  23:03  Hellion x3, Siege Tank  
  148  23:14  Hellion  
  148  23:16  Viking x2  
  144  23:25  Hellion  
  146  23:37  Viking x2  
  150  23:45  Hellion x3  
  150  23:46  Viking x2  
  160  23:50  Hellion, Siege Tank  
  155  24:04  Hellion x2  
  155  24:06  Hellion  
  155  24:22  Siege Tank  
  146  24:26  Hellion x3  
  144  24:35  Hellion x3  
  118  24:54  Siege Tank  
  118  24:55  Hellion  
  118  24:56  Hellion, Siege Tank  
  128  25:10  Hellion x2  
  128  25:13  Viking  
  134  25:20  Refinery  
  134  25:21  Refinery  
  134  25:24  Hellion x2  
  134  25:25  Orbital Command  
  134  25:26  Hellion  
  138  25:36  Hellion x2  
  138  25:42  Hellion  
  142  25:43  Hellion  
  142  25:56  Siege Tank  
  147  25:57  Hellion  
  147  26:02  Viking  
  149  26:15  Hellion x3, Siege Tank  
  152  26:29  Siege Tank x2  
  152  26:30  Hellion  
  160  26:34  Liberator  
  160  26:35  Liberator  
  160  26:36  Hellion  
  160  26:38  Hellion  
  137  26:44  Hellion  
  125  26:47  Siege Tank  
  124  27:03  Siege Tank  
  124  27:11  Viking  
  124  27:12  Viking  
  108  27:23  Hellion  
  108  27:27  Siege Tank  
  93  27:36  Hellion  
  88  27:45  Hellion  
  88  27:46  Viking  
  87  27:58  Viking x2  
  91  28:08  Hellion x2  
  91  28:09  Hellion  
  97  28:39  Hellion x5  
  109  28:55  Thor  
  108  28:57  Thor  
  108  29:00  Hellion x2, Siege Tank  
  114  29:03  Missile Turret  
  114  29:06  Missile Turret  
  112  29:10  Missile Turret  
  112  29:13  Hellion x2  
  102  29:22  Viking x2, Hellion  
  106  29:41  Viking x2  
  110  29:52  Viking  
  82  30:36  Hellion x2  
  82  30:37  Hellion x3, Siege Tank x2  
  90  30:58  Hellion x2, Siege Tank  
  90  31:02  Hellion  
  79  31:21  Hellion  
Show
View Real Time Build Order
Export as new Build Order

antoine1242 Zerg - Winner!

Build Orders: Hatch First 

Get SALT Encoding   

  12  0:01  Drone  
  13  0:13  Overlord  
  13  0:18  Drone  
  14  0:31  Drone x2  
  14  0:35  Drone  
  17  0:53  Hatchery  
  17  0:56  Drone  
  17  1:00  Drone  
  18  1:05  Extractor  
  17  1:16  Spawning Pool  
  16  1:19  Drone  
  16  1:22  Drone  
  18  1:28  Drone  
  19  1:39  Overlord  
  19  1:50  Drone  
  20  2:04  Queen x2  
  20  2:05  Zergling x4  
  26  2:10  Metabolic Boost  
  26  2:14  Drone  
  27  2:18  Drone  
  28  2:23  Drone  
  28  2:28  Drone  
  30  2:34  Drone  
  31  2:48  Zergling x2  
  31  2:52  Drone x2  
  31  2:55  Overlord  
  33  2:59  Drone  
  33  3:00  Hatchery  
  33  3:06  Zergling x2  
  33  3:16  Drone x3  
  33  3:17  Drone x4  
  33  3:19  Zergling x2  
  41  3:25  Overlord  
  41  3:26  Queen  
  43  3:37  Overlord  
  43  3:45  Roach Warren  
  42  3:49  Zergling x2, Spine Crawler, Overlord  
  42  3:50  Zergling x6  
  42  3:55  Drone x2  
  47  4:00  Zergling x6  
  50  4:06  Spore Crawler  
  50  4:07  Spore Crawler  
  50  4:09  Queen  
  50  4:19  Queen  
  50  4:20  Drone  
  50  4:21  Drone x2  
  55  4:26  Drone x3  
  58  4:37  Drone x2, Spore Crawler  
  58  4:38  Drone  
  60  4:39  Roach  
  60  4:41  Overlord  
  62  4:53  Drone x3  
  62  4:54  Overlord  
  62  4:57  Evolution Chamber  
  62  4:59  Evolution Chamber  
  63  5:01  Lair  
  63  5:03  Roach  
  65  5:15  Drone x4  
  65  5:16  Drone x3  
  65  5:17  Drone  
  65  5:19  Extractor  
  72  5:23  Drone x4  
  72  5:25  Extractor  
  72  5:26  Zerg Missile Weapons Level 1  
  75  5:38  Roach x3  
  69  5:44  Roach  
  65  5:54  Roach  
  65  5:55  Zergling x10  
  65  5:56  Zergling x10  
  77  6:09  Overlord x2  
  77  6:11  Glial Reconstitution  
  77  6:45  Zerg Ground Armor Level 1  
  75  6:48  Hatchery  
  75  6:49  Hydralisk Den  
  71  6:54  Overlord  
  71  6:55  Overlord  
  71  6:56  Roach x4  
  79  7:08  Hatchery  
  79  7:09  Roach x2  
  79  7:10  Roach x2  
  79  7:11  Drone  
  79  7:12  Drone  
  79  7:14  Extractor  
  87  7:26  Zerg Missile Weapons Level 2  
  87  7:27  Drone x3, Extractor  
  87  7:28  Drone x3  
  92  7:45  Muscular Augments  
  92  7:48  Drone x4  
  92  7:50  Drone x3  
  99  7:56  Hydralisk x2  
  103  8:03  Spore Crawler  
  102  8:13  Drone  
  102  8:14  Drone x9, Spore Crawler  
  102  8:16  Hydralisk  
  111  8:23  Overseer  
  111  8:24  Hydralisk  
  111  8:25  Hydralisk  
  113  8:34  Queen, Extractor  
  113  8:37  Extractor  
  113  8:42  Overlord x4  
  113  8:48  Hatchery  
  108  9:12  Queen  
  110  9:21  Zerg Ground Armor Level 2  
  110  9:25  Roach  
  110  9:26  Roach x9  
  110  9:27  Hydralisk x3  
  136  9:35  Infestation Pit  
  135  9:43  Zergling x2  
  136  10:03  Queen, Hatchery  
  136  10:05  Overlord x2  
  136  10:06  Overlord x7  
  137  10:07  Roach  
  137  10:08  Roach x6  
  150  10:44  Hydralisk  
  150  10:45  Hydralisk x8  
  168  10:53  Hive  
  168  11:00  Drone x4, Spine Crawler  
  168  11:01  Spine Crawler  
  168  11:02  Spine Crawler  
  168  11:04  Drone x4, Spine Crawler  
  171  11:05  Spine Crawler  
  171  11:06  Spine Crawler x2  
  169  11:18  Queen  
  171  11:32  Hydralisk x6  
  161  11:36  Spire  
  168  11:43  Evolution Chamber, Roach x10  
  168  11:44  Evolution Chamber  
  168  11:45  Evolution Chamber  
  168  11:46  Overseer  
  161  12:06  Roach x2  
  161  12:07  Roach x10  
  143  12:12  Hydralisk x2  
  121  12:31  Hydralisk x7  
  135  12:45  Zerg Missile Weapons Level 3  
  135  12:50  Roach x4  
  135  12:51  Roach x2  
  147  12:53  Overlord  
  147  13:16  Roach x4  
  147  13:17  Roach x8  
  147  13:19  Drone x2  
  173  13:20  Drone  
  173  13:22  Drone  
  157  13:54  Hydralisk x9  
  169  13:56  Viper x4  
  181  14:21  Hatchery  
  178  14:45  Hydralisk  
  178  14:46  Hydralisk x6  
  178  14:49  Roach x4  
  200  14:59  Spine Crawler  
  199  15:00  Spine Crawler  
  199  15:01  Spine Crawler  
  197  15:30  Extractor  
  197  15:33  Zerg Flyer Weapons Level 1  
  196  15:35  Zerg Ground Armor Level 3  
  196  15:59  Pneumatized Carapace  
  196  16:05  Hatchery  
  145  16:27  Roach x2  
  145  16:28  Roach x21  
  177  16:34  Hydralisk  
  177  16:35  Hydralisk x10  
  143  17:16  Hydralisk  
  143  17:17  Hydralisk x21  
  183  17:33  Roach x3  
  183  17:35  Viper x3  
  198  17:43  Drone x2  
  200  17:45  Evolution Chamber  
  200  17:46  Evolution Chamber, Extractor  
  195  18:06  Roach  
  195  18:07  Roach x2  
  145  19:04  Roach  
  145  19:05  Roach x22  
  145  19:06  Roach  
  185  19:25  Extractor  
  185  19:30  Roach x13  
  198  19:52  Hatchery  
  191  20:28  Roach x4  
  199  20:31  Greater Spire  
  119  21:01  Hydralisk  
  119  21:02  Hydralisk x16  
  139  21:13  Corruptor x5  
  139  21:14  Corruptor x4  
  157  21:19  Zerg Melee Weapons Level 1  
  157  21:24  Spine Crawler, Extractor  
  157  21:25  Drone x3  
  158  21:26  Drone, Spine Crawler  
  158  21:39  Drone x6  
  164  21:45  Zerg Flyer Weapons Level 2  
  164  21:54  Viper  
  167  22:02  Extractor  
  167  22:04  Drone  
  167  22:05  Drone x4, Corruptor  
  167  22:06  Extractor  
  171  22:13  Brood Lord  
  171  22:15  Brood Lord  
  168  22:20  Drone x3  
  168  22:21  Drone  
  168  22:29  Queen  
  176  22:44  Brood Lord x3  
  176  22:47  Brood Lord  
  178  22:55  Spine Crawler  
  178  22:57  Drone x3  
  180  22:58  Spine Crawler  
  173  23:19  Drone x4  
  177  23:30  Roach x5  
  187  23:38  Zerg Melee Weapons Level 2  
  187  23:49  Corruptor  
  187  23:50  Corruptor x2  
  184  24:16  Drone x4  
  188  24:21  Corruptor x3  
  188  24:22  Corruptor  
  142  24:41  Roach  
  142  24:42  Roach x10  
  154  24:59  Drone x4  
  158  25:05  Spine Crawler  
  157  25:07  Corruptor x2  
  161  25:24  Drone x4, Extractor  
  164  25:40  Brood Lord  
  164  25:41  Brood Lord x2  
  168  25:44  Drone  
  169  25:55  Viper  
  172  26:13  Brood Lord  
  172  26:14  Brood Lord  
  126  26:50  Viper x2  
  126  26:53  Roach x7  
  126  26:54  Roach x3  
  130  27:08  Corruptor  
  130  27:09  Corruptor x2  
  122  27:24  Corruptor x3  
  122  27:54  Corruptor x3  
  122  27:55  Corruptor  
  130  27:59  Drone x2  
  130  28:00  Drone x3  
  135  28:08  Drone x2  
  137  28:24  Nydus Network  
  136  28:27  Corruptor  
  136  28:28  Corruptor x2  
  142  28:35  Brood Lord  
  142  28:36  Brood Lord  
  146  29:27  Roach x5  
  146  29:28  Roach x6  
  146  29:29  Roach x2  
  172  29:33  Queen  
  172  29:36  Spine Crawler  
  173  30:02  Hydralisk  
  173  30:03  Hydralisk x3  
  181  30:22  Nydus Canal  
  150  30:42  Roach  
  127  30:43  Roach x17  
  154  30:56  Roach x3  
Tags
 
Add a new tag
Caveats
  • Supply blocks, unpowered buildings, or Contaminate may cause inaccurate times.
  • Supply counts are checked every 10 seconds.